 Dungeon Crawl Stone Soup version 0.28-a0-1382-g92835e5c71 (webtiles) character file.

Game seed: 7759612991075747113

8740 bande the Cleaver (level 11, -2/67 HPs)
             Began as a Gargoyle Fighter on Jan 2, 2022.
             Was a High Priest of Okawaru.
             Slain by Grum (6 damage)
             ... on level 9 of the Dungeon.
             The game lasted 00:21:39 (11906 turns).

bande the Cleaver (Gargoyle Fighter)               Turns: 11906, Time: 00:21:40

Health: -2/67      AC: 12    Str: 26    XL:     11   Next: 35%
Magic:  15/15      EV: 11    Int:  9    God:    Okawaru [*****.]
Gold:   465        SH:  5    Dex: 13    Spells: 10/10 levels left

rFire   . . .      SeeInvis .   C - +2 war axe (vamp)
rCold   . . .      Faith    .   c - +0 buckler
rNeg    + . .      Spirit   .   (no armour)
rPois   ∞          Reflect  .   (helmet restricted)
rElec   +          Harm     .   i - +0 cloak
rCorr   .          Rampage  .   f - +2 pair of gloves
Will    .....                   (no boots)
Stlth   +.........              (no amulet)
HPRegen 0.21/turn               h - +6 ring of strength
MPRegen 0.14/turn               (no ring)

@: no status effects
A: sickness immunity, AC +8, negative energy resistance 1, electricity
resistance, torment resistance 1, petrification resistance, antennae 1, wild
magic 1
a: Renounce Religion, Heroism, Finesse, Duel


You were on level 9 of the Dungeon.
You worshipped Okawaru.
Okawaru was extremely pleased with you.
You visited 2 branches of the dungeon, and saw 11 of its levels.

You collected 465 gold pieces.

Inventory:

Hand Weapons
 a - a +0 war axe of electrocution
 l - a +4 flail of protection
 z - a +4 war axe
 C - a +2 vampiric war axe (weapon)
Missiles
 r - 5 throwing nets (quivered)
Armour
 c - a +0 buckler (worn)
 f - a +2 pair of gloves (worn)
 i - a +0 cloak (worn)
 s - a +0 helmet
 H - a +2 scale mail of fire resistance
Jewellery
 h - a +6 ring of strength (left hand)
 j - a ring of resist corrosion
 q - a +6 ring of intelligence
 x - an amulet of the acrobat
Wands
 n - a wand of flame (13)
 o - a wand of iceblast (5)
 A - a wand of polymorph (10)
Scrolls
 d - a scroll of fear
 p - a scroll of blinking
 y - a scroll of fog
 F - a scroll of magic mapping {unknown}
 G - a scroll of teleportation
Potions
 b - 2 potions of curing
 e - a potion of lignification {unknown}
 g - 4 potions of haste
 k - 2 potions of flight
 m - 4 potions of heal wounds
 t - a potion of resistance {unknown}
 u - 2 potions of cancellation
 v - a potion of invisibility {unknown}
 B - 2 potions of brilliance {unknown}
 D - a potion of attraction {unknown}
 E - a potion of mutation


   Skills:
 + Level 7.2 Fighting
 + Level 10.4 Axes
 + Level 8.3 Armour
 + Level 6.1 Shields
 * Level 6.1 Invocations
 * Level 5.7 Evocations


You had 10 spell levels left.
You didn't know any spells.
Your spell library contained the following spells:

 Spells                   Type           Power      Damage    Failure   Level
 Corpse Rot               Necr/Air       0%         N/A       61%         2
 Poisonous Vapours        Pois/Air       0%         N/A       61%         2
 Static Discharge         Conj/Air       0%         N/A       61%         2
 Passage of Golubria      Tloc           0%         N/A       99%         4
 Lightning Bolt           Conj/Air       0%         1d11      100%        5
 Silence                  Hex/Air        0%         N/A       100%        5
 Yara's Violent Unravell  Hex/Tmut       0%         3d3       100%        5
 Lehudib's Crystal Spear  Conj/Erth      0%         10d2      100%        8
 Maxwell's Capacitive Co  Air            0%         ∞         100%        8
 Tukima's Dance           Hex            Unusable   N/A       N/A         3

Dungeon Overview and Level Annotations

Branches:
Dungeon (10/15)            Temple (1/1) D:5            Lair (0/6) D:8
    Orc: D:9-12

Altars:
Ashenzari
Cheibriados
Elyvilon
Fedhas
Hepliaklqana
Kikubaaqudgha
Makhleb
Nemelex Xobeh
Okawaru
Qazlal
Ru
Sif Muna
Uskayaw
Vehumet
Wu Jian
Xom
Yredelemnul
Zin
The Shining One
Beogh

Shops:
D:2 (

Annotations:
D:9 Grum


Innate Abilities, Weirdness & Mutations

You are immune to sickness and miasma.
Your stone body is resilient. (AC +8)
You are immune to poison.
You resist negative energy. (rN+)
You are resistant to electric shocks. (rElec)
You are resistant to unholy torment.
You are immune to petrification.
You have a pair of small antennae on your head.
Your spells are a little harder to cast, but a little more powerful.


Message History

The wolf barely misses you.
You hit the wolf.
The wolf is heavily wounded.
You slash the wolf!
The wolf bites you but does no damage. x2
You closely miss the wolf.
The wolf is severely wounded.
You hit the wolf. The wolf misses you. The wolf completely misses you.
The wolf bites you. The wolf bites you but does no damage.
You hit the wolf.
The wolf is almost dead.
You barely miss the wolf. You block the wolf's attack.
The wolf bites you but does no damage.
Grum hits you from afar with a +0 vorpal glaive!
The wolf bites you but does no damage. x2
You miss the wolf.
The wolf is almost dead.
You hit the wolf. You block the wolf's attack. x2
Grum hits you from afar with a +0 vorpal glaive!
You are too injured to fight recklessly!
You are too injured to fight recklessly!
You are too injured to fight recklessly!
You are too injured to fight recklessly!
You are too injured to fight recklessly!
You are too injured to fight recklessly!
You are too injured to fight recklessly!
Unknown command.
The wolf bites you but does no damage. x2
There is an open door here.
The wolf barely misses you.
You slash the wolf!
You feel better.
You kill the wolf!
Okawaru accepts your kill. The wolf completely misses you.
You hit the wolf.
You feel better.
You kill the wolf!
Okawaru accepts your kill.
Grum hits you from afar with a +0 vorpal glaive!!
* * * LOW HITPOINT WARNING * * *
x2 Grum hits you with a +0 vorpal glaive.
You die...

# ### #.. ##+# ### #.#
##...# ..# #.# #.....# ###
#.# #.# .......## ##.###.#
#.#
........####...##.######..
........g@...............#
........####...##.#####..#
.......## ##.###.# #..#
#.....# ### #[# ##.#
##...# #.# #.. ##+# ## #.#
##. #. .. ..# #. #. .# ###
#. #####.### .# #.


You could see Grum.

Vanquished Creatures
  Harold (D:7)
  A centaur warrior (D:8)
  Pikel (D:7)
  The ghost of HuGe the Poker, a novice MiBe of Trog (D:5)
  The ghost of Urgle the Firebug, a novice DrFE of Cheibriados (Temple)
  Psyche (D:7)
  The ghost of Clumpoid the Ruffian, an amateur TrFi of Lugonu (D:5)
  A troll (D:8)
  Grinder (D:4)
  A wraith (D:8)
  3 yaks (Temple)
  A vampire mosquito (D:6)
  Edmund (D:4)
  A water moccasin (D:7)
  3 black bears
  2 necrophages (D:5)
  2 orc warriors
  3 ice beasts
  A sky beast (D:4)
  A centaur (D:8)
  5 wolves
  2 phantoms
  5 bullfrogs
  2 kobold brigands (D:7)
  A gnoll sergeant (D:6)
  5 scorpions
  A water moccasin zombie (D:5)
  7 wights
  2 electric eels (D:8)
  4 centaur zombies
  8 hounds
  2 bullfrog skeletons
  2 orc priests
  4 centaur skeletons
  2 jellies
  Terence (D:3)
  3 iguanas
  5 orc wizards
  Ijyb (D:3)
  3 hound skeletons
  Robin (D:4)
  4 howler monkey zombies
  8 gnolls
  9 adders
  A shadow imp (D:6)
  3 white imps
  An ufetubus (D:6)
  An adder skeleton (D:4)
  4 worms
  3 dart slugs
  23 orcs
  4 bats (D:1)
  9 endoplasms
  5 giant cockroaches
  15 goblins
  10 hobgoblins
  A jackal (D:5)
  4 quokkas
  4 ball pythons
  A frilled lizard (D:2)
  15 kobolds
  7 rats
226 creatures vanquished.

Vanquished Creatures (collateral kills)
  A howler monkey (D:5)
1 creature vanquished.

Vanquished Creatures (others)
  A plant (Temple)
1 creature vanquished.

Grand Total: 228 creatures vanquished

Notes
Turn   | Place    | Note
-------+----------+-------------------------------------------
     0 | D:1      | bande the Gargoyle Fighter began the quest for the Orb.
     0 | D:1      | Reached XP level 1. HP: 14/14 MP: 1/1
   150 | D:1      | Reached XP level 2. HP: 19/19 MP: 2/2
   175 | D:1      | Reached skill level 2 in Axes
   396 | D:1      | Reached XP level 3. HP: 20/23 MP: 3/3
   449 | D:1      | Found a faded altar of an unknown god.
   928 | D:2      | Found Xicy's Weapon Shoppe.
  1146 | D:2      | Reached XP level 4. HP: 28/29 MP: 4/4
  1423 | D:2      | Reached skill level 3 in Axes
  1655 | D:3      | Noticed Terence
  1664 | D:3      | Killed Terence
  1665 | D:3      | Reached XP level 5. HP: 22/33 MP: 5/5
  1932 | D:3      | Noticed Ijyb
  1942 | D:3      | Killed Ijyb
  1992 | D:3      | Found an ancient bone altar of Kikubaaqudgha.
  2209 | D:4      | Reached skill level 4 in Axes
  2209 | D:4      | Reached XP level 6. HP: 30/38 MP: 6/6
  2293 | D:4      | Noticed a black bear
  2317 | D:3      | Killed a black bear
  2600 | D:4      | Noticed a sky beast
  2622 | D:4      | Killed a sky beast
  2623 | D:4      | Reached skill level 5 in Axes
  2623 | D:4      | Reached XP level 7. HP: 33/44 MP: 7/7
  2819 | D:4      | Noticed Robin
  2825 | D:4      | Killed Robin
  3193 | D:4      | Noticed Grinder
  3204 | D:4      | Paralysed by Grinder for 6 turns
  3233 | D:4      | Paralysed by Grinder for 3 turns
  3249 | D:4      | Gained mutation: You have a pair of small antennae on your
                  | head. [potion of mutation]
  3249 | D:4      | Gained mutation: Your spells are a little harder to cast,
                  | but a little more powerful. [potion of mutation]
  3253 | D:4      | Killed Grinder
  3254 | D:4      | Reached skill level 1 in Evocations
  3827 | D:4      | Noticed Edmund
  3838 | D:4      | Killed Edmund
  3839 | D:4      | Reached skill level 6 in Axes
  4171 | D:5      | Entered Level 5 of the Dungeon
  4267 | D:5      | Reached skill level 5 in Armour
  4267 | D:5      | Reached XP level 8. HP: 48/48 MP: 8/8
  4287 | D:5      | Reached skill level 5 in Fighting
  4564 | D:5      | Found a sacrificial altar of Ru.
  4573 | D:5      | Found a shimmering blue altar of Sif Muna.
  4597 | D:5      | Found an ornate altar of the Wu Jian Council.
  4597 | D:5      | Found a broken altar of Ashenzari.
  5062 | D:5      | Found a white marble altar of Elyvilon.
  5247 | D:5      | Found a staircase to the Ecumenical Temple.
  5249 | D:5      | Found a runed translucent gate.
  5250 | D:5      | Found a runed translucent gate.
  5250 | D:5      | Found a runed translucent gate.
  5268 | Temple   | Entered the Ecumenical Temple
  5304 | Temple   | Became a worshipper of Warmaster Okawaru
  5545 | D:5      | Reached skill level 1 in Invocations
  5577 | D:5      | Noticed a yak
  5577 | D:5      | Noticed a yak
  5578 | D:5      | Noticed a yak
  5582 | D:5      | Reached skill level 7 in Axes
  5618 | Temple   | Killed a yak
  5618 | Temple   | Reached * piety under Okawaru
  5619 | Temple   | Reached XP level 9. HP: 51/54 MP: 10/10
  6493 | D:5      | Noticed Urgle's ghost (novice DrFE)
  6493 | D:5      | Noticed HuGe's ghost (novice MiBe)
  6493 | D:5      | Noticed Clumpoid's ghost (amateur TrFi)
  6766 | Temple   | Killed Urgle's ghost
  6766 | Temple   | Reached ** piety under Okawaru
  6767 | Temple   | Reached skill level 5 in Shields
  6907 | D:5      | Killed Clumpoid's ghost
  6908 | D:5      | Reached skill level 8 in Axes
  6914 | D:5      | Killed HuGe's ghost
  7614 | D:6      | Reached XP level 10. HP: 21/60 MP: 12/12
  7863 | D:6      | Reached *** piety under Okawaru
  8742 | D:7      | Reached skill level 9 in Axes
  8798 | D:7      | Found a snail-covered altar of Cheibriados.
  8890 | D:7      | You fall into a shaft and drop 3 floors!
  8890 | D:10     | Entered Level 10 of the Dungeon
  8903 | D:10     | Reached **** piety under Okawaru
  9297 | D:8      | Noticed a centaur warrior
  9299 | D:8      | Noticed Psyche
  9316 | D:7      | Killed Psyche
  9317 | D:7      | Reached skill level 5 in Invocations
  9822 | D:7      | Reached skill level 5 in Evocations
  9981 | D:7      | Noticed Pikel
  9987 | D:7      | Killed Pikel
 10126 | D:7      | Noticed Harold
 10215 | D:7      | Killed Harold
 10215 | D:7      | Reached ***** piety under Okawaru
 10216 | D:7      | Reached skill level 10 in Axes
 10216 | D:7      | Reached XP level 11. HP: 49/67 MP: 15/15
 10708 | D:8      | Killed a centaur warrior
 11112 | D:8      | Found a shimmering altar of Xom.
 11112 | D:8      | Found a shimmering altar of Xom.
 11112 | D:8      | Found a shimmering altar of Xom.
 11119 | D:8      | Found a shimmering altar of Xom.
 11121 | D:8      | Found a shimmering altar of Xom.
 11123 | D:8      | Found a shimmering altar of Xom.
 11394 | D:8      | Found a staircase to the Lair.
 11615 | D:9      | Found a basalt altar of Yredelemnul.
 11716 | D:9      | Found a radiant altar of Vehumet.
 11894 | D:9      | Noticed Grum
 11906 | D:9      | Slain by Grum

Illustrated notes

Levels and vault maps discovered:
D:1:      dpeg_arrival_ternary, layout_rooms,
          hellmonk_ecumenical_altar_defaced_shrine, minmay_misc_feat_plants,
          roderic_filled_cross, amcnicky_mini_pool_small,
          kennysheep_another_room
D:2:      layout_rooms, serial_shops, shop, grunt_ministairs_4
D:3:      layout_rooms, kiku_gazebo_pond_becter, grunt_ministairs_9,
          uniq_terence, uniq_ijyb
D:4:      layout_rooms, uniq_edmund, uniq_robin, uniq_grinder
D:5:      minmay_thinvault, layout_layer_cave, general_overflow_altar,
          elyvilon_altar_3, grunt_temple_overflow_open,
          minmay_temple_entry_large_hall, gammafunk_ghost_cemetery
D:6:      cheibrodos_barr_body, layout_loops_cross
D:7:      layout_basic, kennysheep_slug_shrine, uniq_pikel, uniq_harold
D:8:      layout_cave_pools, xom_redecorated, erik_lair_island, uniq_psyche
D:9:      lemuel_flame_loot_2, layout_loops_corners, old_standard_altar,
          nicolae_gozag_cash_rules_everything_around_me,
          mainiacjoe_overflow_24_doors, david_orc_2, uniq_grum
D:10:     layout_rooms, grunt_dithmenos_shadows, trog_ov_bears_minmay,
          minmay_misc_feat_pillars
Temple:   jpeg_temple_island

Skill      XL: |  1  2  3  4  5  6  7  8  9 10 11 |
---------------+----------------------------------+-----
Axes           | 2 3 4 5 6 7 8 10 | 10.4
Armour         | 4 5 6 7 8 |  8.3
Shields        | 4 5 6 |  6.1
Fighting       | 4 5 6 7 |  7.2
Evocations     | 1 3 4 5 |  5.7
Invocations    | 1 3 5 6 |  6.1

Action                   |  1- 3 |  4- 6 |  7- 9 | 10-12 || total
-------------------------+-------+-------+-------+-------++-------
Melee: War axe           |   112 |   124 |   237 |   314 ||   787
  Use: Scroll            |     3 |     4 |     2 |     6 ||    15
       Potion            |       |       |     2 |     1 ||     3
Armor: Scale mail        |    66 |   104 |   145 |    24 ||   339
       Chain mail        |       |       |       |   171 ||   171
       Skin              |       |       |       |    13 ||    13
Dodge: Dodged            |    64 |    72 |   130 |   116 ||   382
Block: Buckler           |    31 |    28 |    64 |    85 ||   208

Table legend: (Time is in decaauts)
 A = Elapsed time spent in this place.
 B = Non-inter-level travel time spent in this place.
 C = Inter-level travel time spent in this place.
 D = Time resting spent in this place.
 E = Time spent auto-exploring this place.
 F = Levels seen in this place.
 G = Mean time per level.
                   A        B        C        D        E       F      G
               +--------+--------+--------+--------+--------+-----+--------+
         Total |  12032 |  11858 |    174 |   4236 |   5353 |  11 | 1093.8 |
       Dungeon |  11054 |  10880 |    174 |   3407 |   5328 |  10 | 1105.4 |
        Temple |    977 |    977 |      0 |    829 |     25 |   1 |  977.0 |
               +--------+--------+--------+--------+--------+-----+--------+

Top non-repeatable levels by time:
     D:5: 2511 daAuts
     D:4: 1794 daAuts
     D:7: 1524 daAuts
     D:8: 1293 daAuts
     D:6: 1040 daAuts
  Temple: 977 daAuts
     D:1: 892 daAuts
     D:3: 809 daAuts
     D:2: 769 daAuts
     D:9: 336 daAuts
    D:10: 81 daAuts
